[Event "*** Titled Tuesday Blitz"]
[Site "Chess.com"]
[Date "2020.12.01"]
[Round "7"]
[White "ChainsOfFantasia"]
[Black "BogdanDeac"]
[Result "0-1"]
[WhiteElo "2514"]
[BlackElo "2956"]
[TimeControl "180+1"]
[EndTime "11:16:27 PST"]
[Termination "BogdanDeac won by checkmate"]

1. d4 Nf6 2. Nf3 d5 3. c4 e6 4.
Nc3 dxc4 5. e4 Bb4 6. Bxc4 Nxe4 7. O-O Nf6 8. Qe2 O-O 9. Rd1 Nbd7 10. Bg5 Nb6 11. Bb3 Be7 12. Ne5 Nbd5 13. Rac1 a5 14.
Bc2 Bd7 15. Rd3 Nb4 16. Rh3 Nxc2 17. Qxc2 g6 18. Bxf6 Bxf6 19. Ne4 Bg7 20. Qd2 Bc6 21. Nxc6 bxc6 22. Rd3 Qd5 23. Nc3 Qf5 24. Ne2 Rfb8 25. Rc5 Rxb2 26. Qxb2 Qxd3 27. h4 Qd1+ 28. Kh2 Bf8 29.
Rxc6 Bd6+ 30. g3 Qa4 31. Rc2 Qb4 32. Kg2 Rb8 33. Qc1 Qb7+ 34. Kh2 Qd5 35. Qe3 Rb1 36. Ng1 a4 37. Nf3 a3 38. Re2 Rb2 39. Kg2 Qxa2 40.
Re1 Qd5 41. Kh3 a2 42. Qh6 Qxf3 43. Re3 Qf5+ 44. g4 Qxf2 45. Re2 Qf3# 0-1

[Event "*** Titled Tuesday Blitz"]
[Site "Chess.com"]
[Date "2020.12.01"]
[Round "7"]
[White "mbojan"]
[Black "IngOscarArdila"]
[Result "1-0"]
[WhiteElo "2655"]
[BlackElo "2210"]
[TimeControl "180+1"]
[EndTime "11:16:27 PST"]
[Termination "mbojan won by resignation"]

1. g3 Nf6 2. Bg2 g6 3. d3 Bg7 4.
Nd2 d6 5. e4 O-O 6. Nh3 e5 7.
O-O Bg4 8. f3 Bc8 9. Nf2 Nbd7 10.
f4 exf4 11. gxf4 Nh5 12. Nf3 f5 13. Ng5 Ndf6 14. exf5 Bxf5 15. Bxb7 h6 16. Nge4 Rb8 17.
Nxf6+ Qxf6 18. Bd5+ Kh8 19. c3 Qh4 20. Qf3 Bd7 21. Ne4 Bh3 22. Rf2 Bg4 23. Qg2 Rb5 24. c4 Rbb8 25. Be3 Bh3 26. Qxg6 Bf5 27. Qg2 Bh3 28.
Qf3 Bg4 29. Qh1 Rxb2 30. Rxb2 Bxb2 31. Rb1 Bg7 32. Rf1 Be2 33. Rf2 Bxd3 34. Qg2 Rb8 35. h3 Rb1+ 36. Kh2 Rb8 37. Ng3 Nf6 38. Bf3 Bxc4 39.
Nf5 Ng4+ 40. Bxg4 Qd8 41. Nxg7 Kxg7 42. Be2+ Kh8 43. Bxc4 Qf6 44. Rd2 c5 45. Qd5 Rf8 46.
Rg2 a5 47. Bc1 Kh7 48. Bd3+ Kh8 49. Bb2 1-0

[Event "*** Titled Tuesday Blitz"]
[Site "Chess.com"]
[Date "2020.12.01"]
[Round "7"]
[White "maximnovik"]
[Black "GregShahade"]
[Result "0-1"]
[WhiteElo "2552"]
[BlackElo "2706"]
[TimeControl "180+1"]
[EndTime "11:16:28 PST"]
[Termination "GregShahade won by checkmate"]

1. d4 Nf6 2. Bg5 c5 3. Bxf6 gxf6 4. d5 Qb6 5. Qc1 f5 6. c4 Bg7 7. Nc3 d6 8. e3 Nd7 9. Nh3 Nf6 10. Qc2 Ne4 11. Bd3 Qxb2 12. Qxb2 Bxc3+ 13. Qxc3 Nxc3 14. f3 Na4 15. Kd2 Nb6 16. a4 Rb8 17. a5 Na8 18. Nf4 Nc7 19. Nh5 Rg8 20. g3 Na6 21. Rae1 Nb4 22.
Bb1 b6 23. axb6 axb6 24. e4 fxe4 25. Bxe4 Kd8 26. Bb1 Ra8 27. Re3 Ba6 28. Rhe1 Ra7 29. Kc3 b5 30. g4 bxc4 31. Nf4 Bb5 32. Kb2 Rb7 33. h4 Ba6 34. Kc3 Rc7 35. h5 Re8 36.
Bxh7 Ra7 37. Bb1 Bb7 38. Rd1 Ra3+ 39. Kd2 Ra1 40. Kc1 Kc7 41. Kb2 Rea8 42. Rxe7+ Kb6 43.
Rxf7 R8a3 44. Ne2 Bxd5 45. Rf6 Kc6 46. Be4 Rxd1 47. Bxd5+ Nxd5 48. Rf5 Rb3+ 49. Ka2 Nb4# 0-1

[Event "*** Titled Tuesday Blitz"]
[Site "Chess.com"]
[Date "2020.12.01"]
[Round "7"]
[White "vladimirdamjanovic"]
[Black "maheswaran26"]
[Result "1-0"]
[WhiteElo "2461"]
[BlackElo "2219"]
[TimeControl "180+1"]
[EndTime "11:16:29 PST"]
[Termination "vladimirdamjanovic won on time"]

1. e4 c5 2. Nf3 e6 3. g3 a6 4.
Bg2 b5 5. O-O Bb7 6. Re1 d6 7.
d4 cxd4 8. Nxd4 Nd7 9. c3 Qc7 10. a4 bxa4 11. Qxa4 Nf6 12. Bg5 Be7 13. Nd2 O-O 14.
Qc2 h6 15. Be3 d5 16. exd5 Nxd5 17. Ne4 Nxe3 18. Rxe3 Nc5 19. Nxc5 Bxc5 20. Bxb7 Qxb7 21. Rd3 a5 22. Rad1 Rfb8 23. b3 Qe4 24. Qa2 e5 25. Nf3 Qf5 26. Nh4 Qe6 27. c4 e4 28. Rd5 Qb6 29.
Nf5 e3 30. fxe3 Bxe3+ 31. Kg2 Bg5 32. Rb5 Qc6+ 33. Kg1 Rxb5 34. cxb5 Qxb5 35. Nd6 Qc5+ 36. Kg2 Qc6+ 37. Kh3 Qd7+ 38. Kg2 Be7 39. Qd2 Rd8 40.
Ne4 1-0

[Event "*** Titled Tuesday Blitz"]
[Site "Chess.com"]
[Date "2020.12.01"]
[Round "7"]
[White "PriSachu"]
[Black "profofchess"]
[Result "1/2-1/2"]
[WhiteElo "2526"]
[BlackElo "2430"]
[TimeControl "180+1"]
[EndTime "11:16:29 PST"]
[Termination "Game drawn by repetition"]

1. e4 e6 2. Bb5 a6 3. Ba4 b5 4. Bb3 d5 5. e5 c5 6. c3 d4 7. d3 Bb7 8. Nf3 Nc6 9. O-O Nge7 10. a4 Ng6 11. Re1 Be7 12. axb5 axb5 13. Rxa8 Qxa8 14. Na3 Ba6 15. c4 b4 16. Nb1 O-O 17. Nbd2 Bb7 18.
Nf1 Bd8 19. Ng3 Bc7 20. Ng5 Ncxe5 21. f4 Nd7 22. Qh5 Nf6 23. Qh3 Nxf4 24. Bxf4 Bxf4 25.
N5e4 Nxe4 26. Nxe4 Bxe4 27. dxe4 e5 28. Qd3 Be3+ 29.
Kh1 Qa7 30. Bd1 Ra8 31. h4 Qa2 32. b3 Qb2 33. Qf1 Ra2 34. Qf3 Bf4 35. Qg4 h6 36. Rf1 g6 37. h5 Kg7 38. hxg6 fxg6 39. Qd7+ Kh8 40. Qc8+ Kg7 41. Qd7+ Kh8 42. Qe8+ Kg7 43. Qe7+ Kg8 44. Qe8+ Kg7 45. Qe7+ Kg8 46. Qd8+ Kg7 47. Qc7+ Kg8 48. Qc8+ Kg7 49. Qd7+ 1/2-1/2

[Event "*** Titled Tuesday Blitz"]
[Site "Chess.com"]
[Date "2020.12.01"]
[Round "7"]
[White "barriochess"]
[Black "Vandros57"]
[Result "1/2-1/2"]
[WhiteElo "2387"]
[BlackElo "2173"]
[TimeControl "180+1"]
[EndTime "11:16:29 PST"]
[Termination "Game drawn by repetition"]

1. d4 d5 2. c4 e6 3. Nf3 Nf6 4. g3 Bb4+ 5. Nc3 O-O 6. Bg2 Ne4 7.
Qc2 f5 8. O-O c6 9. a3 Bd6 10.
b4 Nd7 11. Bf4 Bxf4 12. gxf4 Nxc3 13. Qxc3 Nf6 14. Ne5 Bd7 15. a4 Be8 16. e3 Ne4 17. Bxe4 fxe4 18. Kh1 Rf5 19. Rg1 Rh5 20. Rg2 Rc8 21.
Rag1 Rc7 22. Qb2 Rh3 23. Rg3 Qh4 24. R1g2 Bh5 25. Kg1 Bf3 26. Rxh3 Qxh3 27. Rg3 Qh5 28. b5 h6 29. bxc6 Qe8 30. c5 bxc6 31. Nxf3 exf3 32. Rxf3 Qc8 33. Rg3 Rb7 34. Qc2 Qe8 35. Kg2 Rb4 36.
a5 a6 37. Qe2 Rb5 38. Qg4 Qe7 39. Qg6 Kf8 40. f5 exf5 41. Qxf5+ Kg8 42. Qc8+ Kh7 43.
Qxc6 Qe4+ 44. Rf3 Qg4+ 45. Rg3 Qe4+ 46. Rf3 Qg4+ 47. Rg3 Qe4+ 1/2-1/2

[Event "*** Titled Tuesday Blitz"]
[Site "Chess.com"]
[Date "2020.12.01"]
[Round "7"]
[White "Kolle05"]
[Black "QuintilianoR"]
[Result "0-1"]
[WhiteElo "2442"]
[BlackElo "2623"]
[TimeControl "180+1"]
[EndTime "11:16:30 PST"]
[Termination "QuintilianoR won on time"]

1. e4 c5 2. Nf3 d6 3. Bb5+ Nd7 4. O-O a6 5. Bd3 Ngf6 6. Re1 e6 7. c3 b5 8. Bc2 Bb7 9. a4 Be7 10. d4 Qc7 11. Qe2 cxd4 12. cxd4 b4 13. Bd3 O-O 14. a5 Rfc8 15. Nbd2 Nf8 16. Nb3 d5 17. e5 Ne4 18.
Nfd2 Ng6 19. Nxe4 dxe4 20. Bxe4 Bxe4 21. Qxe4 Qc4 22. Qf3 Nh4 23. Qh3 Nf5 24. Bf4 Qd5 25.
Qd3 Rc4 26. Red1 Rac8 27. Rac1 h6 28. Rxc4 Rxc4 29. Rc1 Rxc1+ 30. Bxc1 Bd8 31. Bd2 Bxa5 32. Nxa5 Qxa5 33. g3 Qa1+ 34. Kg2 Qxb2 35. d5 Qxe5 36. dxe6 fxe6 37. Bxb4 Qd5+ 38. Qxd5 exd5 39. Kf3 Nd4+ 40. Kf4 Kf7 41. Ba5 Nc6 0-1

[Event "*** Titled Tuesday Blitz"]
[Site "Chess.com"]
[Date "2020.12.01"]
[Round "7"]
[White "YIYUKI"]
[Black "zverr1"]
[Result "0-1"]
[WhiteElo "2343"]
[BlackElo "2480"]
[TimeControl "180+1"]
[EndTime "11:16:30 PST"]
[Termination "zverr1 won by resignation"]

1. e4 e6 2. d4 d5 3. exd5 exd5 4. Nf3 Nc6 5. Bb5 Bd6 6. O-O Ne7 7. c4 dxc4 8. Bxc4 O-O 9. h3 Bf5 10. Nc3 h6 11.
Re1 a6 12. a3 Qd7 13. Ne5 Nxe5 14. dxe5 Bc5 15. Qxd7 Bxd7 16. Ne4 Bd4 17. Nd2 Nc6 18. Nf3 Be6 19. Nxd4 Nxd4 20. Bd3 Rfd8 21. Be4 Bd5 22. Bf4 Ne6 23. Bg3 Bxe4 24. Rxe4 Rd2 25. Rb4 b5 26. f4 c5 27. Rb3 c4 28. Rb4 Nc5 29. Be1 Rc2 30. Rd1 Nd3 31. Bc3 Nxf4 32. a4 Nd3 33.
axb5 Nxb4 34. Bxb4 axb5 35. Bc3 Ra2 36. e6 fxe6 37.
Rd7 Rxc3 38. bxc3 Rc2 39. Rb7 Rb2 40. Rb6 Kf7 41. Kf1 Kf6 42. g3 g5 43. h4 g4 44.
Rb7 Rb3 45. Rb6 Ke5 46. Kf2 Kd5 47. Rb8 Kc6 48. Rc8+ Kb7 49. Rc5 Kb6 50. Re5 Rxc3 51.
Rxe6+ Kc5 52. Rxh6 b4 53. Rh8 Rf3+ 54. Kg2 b3 55. Rb8 Rc3 56. h5 Rc2+ 57. Kf1 b2 58.
h6 Rc1+ 59. Kg2 b1=Q 60. Rxb1 Rxb1 61. h7 Rb8 0-1

[Event "*** Titled Tuesday Blitz"]
[Site "Chess.com"]
[Date "2020.12.01"]
[Round "7"]
[White "c_r_e_e_p_e_r"]
[Black "yonaltimur"]
[Result "1-0"]
[WhiteElo "2307"]
[BlackElo "1829"]
[TimeControl "180+1"]
[EndTime "11:16:30 PST"]
[Termination "c_r_e_e_p_e_r won on time"]

1. e4 c5 2. Nf3 e6 3. d4 cxd4 4. Nxd4 a6 5. Bd3 Qc7 6. O-O b5 7. Qe2 d6 8. a4 b4 9. c3 bxc3 10. Nxc3 Bb7 11. Be3 Nf6 12. Rfc1 Qd8 13. b4 Be7 14. b5 a5 15. b6 O-O 16. Ndb5 Na6 17. Nc7 Nxc7 18. bxc7 Qd7 19. Bb6 d5 20. e5 Ne8 21.
Bb5 Qc8 22. Nd1 f6 23. exf6 Nxf6 24. Nb2 Ne4 25. Nd3 Bf6 26. Ra3 Ba6 27. f3 Ng5 28. Ne5 Bxb5 29. axb5 Qb7 30. Nd7 Rfe8 31. Qe3 Nf7 32.
Rxa5 Rxa5 33. Bxa5 e5 34. Nb6 Nd6 35. Bb4 Nxb5 36.
c8=Q Rxc8 37. Rxc8+ Kf7 38. Qc5 Kg6 39. Qxb5 Bg5 40.
Qe8+ Kf5 41. Qc6 Qa6 42. Qd7+ Kf4 43. Qg4+ Ke3 44. Nxd5+ Ke2 45. Qc4+ 1-0

[Event "*** Titled Tuesday Blitz"]
[Site "Chess.com"]
[Date "2020.12.01"]
[Round "7"]
[White "GelmanAlexander"]
[Black "anon481216"]
[Result "1/2-1/2"]
[WhiteElo "2570"]
[BlackElo "2421"]
[TimeControl "180+1"]
[EndTime "11:16:33 PST"]
[Termination "Game drawn by repetition"]

1. d4 d5 2. Nc3 Nf6 3. Bf4 c6 4. f3 g6 5. e4 Bg7 6. Qd2 Nbd7 7.
O-O-O Nb6 8. Kb1 Be6 9. h4 h5 10. Nh3 Bxh3 11. Rxh3 Qd7 12. Rh1 O-O-O 13. a4 dxe4 14.
fxe4 Ng4 15. a5 Na8 16. a6 b6 17. d5 Nc7 18. Rh3 e5 19. Bg3 cxd5 20. Nxd5 Nxd5 21. exd5 f5 22. Be1 Kb8 23. Rb3 e4 24. Bb5 Qd6 25. Bg3 Be5 26. Bxe5 Nxe5 27. Rc3 Rh7 28. Qf4 Rc7 29.
Rxc7 Kxc7 30. c4 Nd3 31. Qd2 Qe5 32. Qb4 Rd6 33. Qb3 Nc5 34. Qc2 f4 35. Rf1 e3 36.
Ka2 Ne4 37. g3 Nxg3 38. c5 Qxd5+ 39. Bc4 Qxc5 40. Rxf4 Qa5+ 41. Kb1 Qe1+ 42. Ka2 Qa5+ 43. Kb1 Qe1+ 44. Ka2 Qa5+ 1/2-1/2

[Event "*** Titled Tuesday Blitz"]
[Site "Chess.com"]
[Date "2020.12.01"]
[Round "7"]
[White "CalinGheorghiu"]
[Black "Twannibal"]
[Result "1-0"]
[WhiteElo "2399"]
[BlackElo "2472"]
[TimeControl "180+1"]
[EndTime "11:16:33 PST"]
[Termination "CalinGheorghiu won on time"]

1. e4 e5 2. Nf3 Nf6 3. Nc3 Nc6 4. d4 exd4 5. Nxd4 Bb4 6. Nxc6 bxc6 7. Bd3 O-O 8. O-O d5 9. exd5 cxd5 10. h3 Re8 11. Qf3 Rb8 12. Bf4 Bb7 13. Ne2 d4 14.
Qg3 Nh5 15. Qg4 Nxf4 16. Nxf4 g6 17. Bc4 Qf6 18. a3 Bd6 19. Nd3 Re4 20. Qd1 Rbe8 21. a4 Ba8 22. a5 Qg5 23. Qf3 R4e7 24. Qg4 Qf6 25. Rfe1 Rxe1+ 26. Rxe1 Rxe1+ 27. Nxe1 Bc6 28. Nd3 Kg7 29. a6 h5 30. Qc8 Qg5 31. Ne1 Qf4 32. Qb8 Bc5 33. g3 Qe4 34. Kf1 Qh1+ 35. Ke2 Bb6 36. Qd8 Qxh3 37. Qe7 Qg4+ 38. f3 Qxg3 39. Qxf7+ Kh6 40. Qf8+ Kg5 41. Qe7+ Kh6 42. Qf8+ Kg5 43.
Qe7+ 1-0

[Event "*** Titled Tuesday Blitz"]
[Site "Chess.com"]
[Date "2020.12.01"]
[Round "7"]
[White "ajkom197"]
[Black "TrenerChos"]
[Result "1-0"]
[WhiteElo "2332"]
[BlackElo "2174"]
[TimeControl "180+1"]
[EndTime "11:16:33 PST"]
[Termination "ajkom197 won on time"]

1. d4 c5 2. d5 Nf6 3. Nc3 d6 4. Nf3 g6 5. e4 Bg7 6. Be2 O-O 7. O-O Bg4 8. Nd2 Bxe2 9. Qxe2 a6 10. a4 Nbd7 11. Nc4 Qc7 12. Bf4 Nh5 13. Bd2 Rfb8 14. h3 b5 15. axb5 axb5 16. Rxa8 Rxa8 17. Nxb5 Qb7 18. Nc3 Ne5 19. Nxe5 Bxe5 20. b3 Ra3 21. Qd3 Ra8 22. f4 Bd4+ 23. Kh2 Ng7 24. Nb5 Bf6 25. Bc3 Bxc3 26. Nxc3 Qb4 27. f5 Ne8 28. fxg6 hxg6 29. Ne2 Nf6 30. Ng3 Ra2 31. e5 dxe5 32.
d6 e4 33. Qd1 Qb7 34. Rxf6 exf6 35. d7 Ra8 36. d8=Q+ Rxd8 37. Qxd8+ Kg7 38. Qd2 Qc6 39.
Qe3 f5 40. c3 Qd5 41. b4 cxb4 42. cxb4 Qc4 43. Qd2 1-0

[Event "*** Titled Tuesday Blitz"]
[Site "Chess.com"]
[Date "2020.12.01"]
[Round "7"]
[White "Taktikmonster"]
[Black "Loy_Konstantin"]
[Result "0-1"]
[WhiteElo "2186"]
[BlackElo "2357"]
[TimeControl "180+1"]
[EndTime "11:16:33 PST"]
[Termination "Loy_Konstantin won on time"]

1. e4 c5 2. Nf3 d6 3. d4 cxd4 4. Nxd4 Nf6 5. Nc3 g6 6. Be3 Bg7 7. f3 O-O 8. Qd2 Nc6 9. O-O-O Bd7 10. Kb1 Rc8 11. g4 Ne5 12. h4 Qa5 13. h5 Nxf3 14. Nxf3 Rxc3 15. Qxc3 Qxc3 16. bxc3 Bxg4 17. Bg2 Nxe4 18.
Bd4 e5 19. Rh4 Bxf3 20. Bxf3 Ng5 21. Bd5 exd4 22. cxd4 Ne6 23. hxg6 hxg6 24. Rg4 Re8 25. Re1 Kf8 26. Bxe6 fxe6 27. Rxg6 Kf7 28. Rg4 Re7 29. c3 e5 30. d5 Ke8 31. Kc2 Kd7 32. Kd3 Bh6 33. c4 b6 34. Rh1 Bf4 35. Rh8 Kc7 36.
Ke4 Bd2 37. Rgg8 Bb4 38. Rc8+ Kb7 39. Rb8+ Ka6 40. Rbd8 Rg7 41. Rh6 Rg4+ 42. Kd3 Rd4+ 43. Ke3 Rxc4 44. Rd7 Bc5+ 45. Kd3 Rd4+ 46. Kc3 Rxd5 0-1

[Event "*** Titled Tuesday Blitz"]
[Site "Chess.com"]
[Date "2020.12.01"]
[Round "7"]
[White "pedromartinez91"]
[Black "Bulldog167"]
[Result "1-0"]
[WhiteElo "2457"]
[BlackElo "2590"]
[TimeControl "180+1"]
[EndTime "11:16:34 PST"]
[Termination "pedromartinez91 won on time"]

1. e4 d6 2. d4 Nf6 3. Nc3 g6 4. Be2 Bg7 5. g4 h5 6. g5 Nfd7 7. f4 c5 8. Be3 Nc6 9. Nf3 cxd4 10. Nxd4 O-O 11. Qd2 Nxd4 12. Bxd4 e5 13. Be3 exf4 14. Bxf4 Ne5 15. O-O-O Be6 16. Qxd6 Qa5 17. Qa3 Qxa3 18. bxa3 Ng4 19. Nd5 Nf2 20. Bc4 Kh7 21. Bb3 Rac8 22. Rhf1 Nxe4 23. Be3 a6 24. a4 Nc5 25. Bxc5 Rxc5 26.
h4 Rfc8 27. Rf2 Bf5 28. Rxf5 gxf5 29. Rf1 Rd8 30. Rxf5 Kh8 31. Kb1 Rd7 32. c4 Rc6 33. a5 Re6 34. c5 Re2 35. Nb6 Rdd2 36. Nc4 Rd3 37. Kc1 Re1+ 38. Kc2 Rc3+ 39. Kd2 Re7 40.
Rd5 Rh3 41. Rd8+ Kh7 42. Bc2+ 1-0

[Event "*** Titled Tuesday Blitz"]
[Site "Chess.com"]
[Date "2020.12.01"]
[Round "7"]
[White "elamier"]
[Black "yobdc"]
[Result "0-1"]
[WhiteElo "2309"]
[BlackElo "2481"]
[TimeControl "180+1"]
[EndTime "11:16:34 PST"]
[Termination "yobdc won on time"]

1. e4 c6 2. d4 d5 3. e5 Bf5 4. Nf3 e6 5. Be2 Nd7 6. O-O Bg6 7. Nbd2 Nh6 8. c4 Nf5 9. cxd5 cxd5 10. Qb3 Qb6 11.
Bb5 Be7 12. Qa4 Rd8 13. Nb3 a6 14. Bxd7+ Rxd7 15. Bd2 Qd8 16. Rac1 O-O 17. Na5 Nh4 18. Nxh4 Bxh4 19. Bb4 Be7 20. Qa3 f6 21. exf6 gxf6 22.
Rc3 Bxb4 23. Qxb4 Qe7 24. Qb3 Kh8 25. Rfc1 Rg8 26. Rc8 e5 27. Rxg8+ Kxg8 28. Qc3 Kg7 29. Nb3 e4 30. Nc5 Rd6 31. Qg3 b6 32. Nb7 Rd7 33. Qb8 Rxb7 34. Qc8 f5 35. h4 e3 36. h5 e2 37. hxg6 e1=Q+ 38. Kh2 Qxc1 39. Qxc1 Qc7+ 40. Qxc7+ Rxc7 41. gxh7 Kxh7 0-1

[Event "*** Titled Tuesday Blitz"]
[Site "Chess.com"]
[Date "2020.12.01"]
[Round "7"]
[White "exoticprincess"]
[Black "FairChess_on_YouTube"]
[Result "0-1"]
[WhiteElo "2908"]
[BlackElo "3006"]
[TimeControl "180+1"]
[EndTime "11:16:35 PST"]
[Termination "FairChess_on_YouTube won on time"]

1. d4 Nf6 2. c4 e6 3. Nf3 d5 4.
cxd5 exd5 5. Nc3 c6 6. Bf4 Bf5 7. e3 Nbd7 8. h3 h6 9. g4 Bh7 10. Bd3 Ne4 11. Bxe4 dxe4 12. Nd2 Be7 13. Ndxe4 O-O 14.
O-O f5 15. Nd6 fxg4 16. Qb3+ Kh8 17. Nf7+ Rxf7 18. Qxf7 Nf6 19. Qb3 Qd7 20. h4 Rf8 21. Bg3 Ne4 22. Rad1 Rf3 23. Nxe4 Bxe4 24. d5 cxd5 25. Rd4 Qf5 26. Qxb7 Bxh4 27. Rc1 Rxg3+ 28. fxg3 Qf3 29. Qb8+ Kh7 30. Rxe4 Bxg3 31. Rf1 Bxb8 32. Rxf3 gxf3 33. Re7 Bg3 34. Rxa7 Kg6 35. Ra8 Kf5 36.
Rf8+ Ke4 37. Re8+ Kd3 38. Kf1 g5 39. a4 h5 40. a5 h4 41. a6 h3 42. Rh8 Bh4 43. Rd8 h2 0-1

[Event "*** Titled Tuesday Blitz"]
[Site "Chess.com"]
[Date "2020.12.01"]
[Round "7"]
[White "HackingKid98"]
[Black "Brave_spirit12"]
[Result "0-1"]
[WhiteElo "2354"]
[BlackElo "2491"]
[TimeControl "180+1"]
[EndTime "11:16:36 PST"]
[Termination "Brave_spirit12 won on time"]

1. d4 Nf6 2. c4 e6 3. g3 d5 4. Bg2 Be7 5. Nf3 O-O 6. Nc3 Ne4 7.
O-O c6 8. Nxe4 dxe4 9. Nd2 f5 10.
e3 c5 11. Nb3 Nc6 12. Nxc5 Bxc5 13. dxc5 Qe7 14. Qd6 Rd8 15. Qxe7 Nxe7 16. b4 Bd7 17.
Bb2 Rac8 18. Rfd1 Ba4 19. Rd6 Nc6 20. a3 Bb3 21. Bf1 Kf7 22. Bc3 Nb8 23. Be5 Nd7 24. Bd4 Nf8 25. Rxd8 Rxd8 26. Rb1 Bc2 27. Rb2 Ba4 28. Rd2 Ng6 29. Be2 Ne5 30. Kf1 Bb3 31. Ke1 Nxc4 32. Bxc4 Bxc4 33. Bc3 Bd3 34. Bd4 g5 35.
Rb2 a6 36. a4 Rd5 37. b5 axb5 38. axb5 e5 39. c6 exd4 40. exd4 bxc6 41. bxc6 Rxd4 0-1

[Event "*** Titled Tuesday Blitz"]
[Site "Chess.com"]
[Date "2020.12.01"]
[Round "7"]
[White "chessmadara"]
[Black "Klavdia_Nik"]
[Result "1-0"]
[WhiteElo "2191"]
[BlackElo "2059"]
[TimeControl "180+1"]
[EndTime "11:16:36 PST"]
[Termination "chessmadara won on time"]

1. e4 b6 2. d4 Bb7 3. Nc3 d6 4. a3 g6 5. Be2 Bg7 6. Be3 e6 7. Qd2 h6 8. O-O-O Ne7 9. Kb1 Nd7 10. h4 a6 11. Nh3 b5 12. f3 Nb6 13. Nf2 Nc4 14. Bxc4 bxc4 15. h5 g5 16. f4 gxf4 17. Bxf4 Nc6 18. d5 Ne5 19. Bxe5 Bxe5 20. Ng4 Qg5 21.
Qxg5 hxg5 22. h6 Ke7 23. Nxe5 dxe5 24. Na4 exd5 25. exd5 Rad8 26. Nc3 f5 27. Rde1 Kf6 28. h7 e4 29. g4 Bxd5 30. gxf5 Kxf5 31. Rh6 Bb7 32. Rf1+ Ke5 33. Rff6 Rd7 34. Ne2 Rhxh7 35. Re6+ Kd5 36. Reg6 Rxh6 37. Rxh6 Rg7 38. Ng3 Ke5 39. Kc1 Kf4 40. Nh5+ Kf3 41. Nxg7 g4 42. Kd2 e3+ 43. Ke1 g3 44. Nf5 1-0

[Event "*** Titled Tuesday Blitz"]
[Site "Chess.com"]
[Date "2020.12.01"]
[Round "7"]
[White "temus_galaktionov"]
[Black "Euwe1234"]
[Result "0-1"]
[WhiteElo "2689"]
[BlackElo "2568"]
[TimeControl "180+1"]
[EndTime "11:16:37 PST"]
[Termination "Euwe1234 won by resignation"]

1. d4 d5 2. Nf3 Nf6 3. c4 e6 4.
Nc3 c6 5. Qb3 dxc4 6. Qxc4 b5 7.
Qd3 a6 8. Bg5 Nbd7 9. e4 h6 10.
Bh4 c5 11. e5 g5 12. Nxg5 hxg5 13. Bxg5 Qb6 14. exf6 cxd4 15. Ne4 Bb7 16. f3 Ne5 17. Qd2 Bxe4 18. fxe4 d3 19. Be3 Bc5 20. Bf4 Nc4 21. Qxd3 Rd8 22. Qc3 Bf2+ 23. Ke2 Bd4 24. Qc2 Be5 25. Bg5 Rh5 26. Rd1 Rxg5 27. Rxd8+ Kxd8 28. Qd3+ Ke8 29. b3 Nd6 30. g3 Bxf6 31. Bg2 Rc5 32.
Rd1 Be5 33. Kf1 Qc7 34. Rd2 Rc1+ 35. Kf2 Qc5+ 36. Ke2 Qg1 37. Kf3 Qxh2 38. Kg4 Rc3 39. Bh3 Rxd3 40. Rxh2 Rxg3+ 41. Kh4 Nxe4 42. Rc2 Bf6+ 43.
Kh5 Rxh3+ 44. Kg4 Rh4+ 45. Kf3 Ng5+ 46. Kg3 Rd4 47. Re2 Kd7 48. Kf2 Rd3 49. Rc2 Bd4+ 50.
Ke2 Re3+ 51. Kf1 Nf3 52. Kg2 Ne1+ 0-1

[Event "*** Titled Tuesday Blitz"]
[Site "Chess.com"]
[Date "2020.12.01"]
[Round "7"]
[White "Sueetin"]
[Black "carloseduar100"]
[Result "0-1"]
[WhiteElo "2243"]
[BlackElo "2062"]
[TimeControl "180+1"]
[EndTime "11:16:37 PST"]
[Termination "carloseduar100 won on time"]

1. e4 e6 2. d4 d5 3. Nc3 Nf6 4.
e5 Nfd7 5. f4 c5 6. Nf3 Nc6 7.
Be3 Qb6 8. Qd2 Qxb2 9. Rb1 Qa3 10. Bb5 a6 11. Bxc6 bxc6 12. O-O Be7 13. Kh1 O-O 14.
Rb3 Qa5 15. Nxd5 Qd8 16. Nxe7+ Qxe7 17. dxc5 Nxc5 18. Qb4 Re8 19. Bxc5 Qd7 20. Rd3 Qc7 21. Qb6 Qxb6 22. Bxb6 Rb8 23. Rb3 Bd7 24. Rd1 Rb7 25. c4 c5 26. Bxc5 Rc7 27. Bb6 Rb7 28. c5 Bc6 29.
Rd6 Bd5 30. Ra3 Bc4 31. h3 h6 32. Kh2 Kh7 33. Nd4 Kg6 34. Kg3 h5 35. Kf3 h4 36.
Ke3 Rh8 37. Ra4 Bf1 38. Kf2 Bd3 39. Nb3 Bb5 40. Rad4 Rh5 41. Na5 Rb8 42. Ba7 Rc8 43. c6 Rf5 44. Bb6 f6 45. exf6 e5 46. Rd2 Rxf4+ 47.
Kg1 gxf6 48. c7 Rf1+ 49. Kh2 Rc1 50. Rd8 R1xc7 0-1

[Event "*** Titled Tuesday Blitz"]
[Site "Chess.com"]
[Date "2020.12.01"]
[Round "7"]
[White "Agibileg"]
[Black "vwnv7"]
[Result "1-0"]
[WhiteElo "2532"]
[BlackElo "2410"]
[TimeControl "180+1"]
[EndTime "11:16:38 PST"]
[Termination "Agibileg won on time"]

1. d4 d5 2. c4 e6 3. Nc3 Nf6 4. cxd5 exd5 5. Bg5 Be7 6. e3 Nbd7 7. Qc2 O-O 8. Bd3 c6 9. Nf3 Re8 10. O-O Nf8 11. h3 Be6 12. Ne5 N6d7 13. Bf4 f6 14.
Nf3 Bf7 15. Rab1 a5 16. a3 Bg6 17. b4 b5 18. Bxg6 Nxg6 19. Bh2 Nb6 20. Nd2 axb4 21.
axb4 Ra3 22. Rfc1 Nc4 23. Nxc4 dxc4 24. d5 Bd6 25. Rd1 Bxh2+ 26. Kxh2 Ne5 27. dxc6 Qb6 28. Rd5 Qxc6 29. Rc5 Qd6 30. f4 Rxc3 31. Qxc3 Nd3 32.
Rxb5 Rxe3 33. Qxc4+ Kf8 34. Rb8+ Qxb8 35. Rf1 h5 36. b5 Nb2 37. Qc5+ Kf7 38. Qxe3 Qxb5 39. Rb1 Qb4 40. Qf2 h4 41. Rxb2 Qe4 42. Re2 Qd5 43. Qxh4 Qc4 44. Qf2 Qb4 45. Rb2 Qc4 46. Rb7+ Kg6 47.
Qg3+ Kf5 48. Qg4+ Ke4 49. Re7+ Kd3 50. Qe2+ 1-0

[Event "*** Titled Tuesday Blitz"]
[Site "Chess.com"]
[Date "2020.12.01"]
[Round "7"]
[White "NitaLucian"]
[Black "aleksey1203borisovi4"]
[Result "0-1"]
[WhiteElo "2312"]
[BlackElo "2472"]
[TimeControl "180+1"]
[EndTime "11:16:39 PST"]
[Termination "aleksey1203borisovi4 won by resignation"]

1. e4 g6 2. Nf3 Bg7 3. d4 d6 4.
Nc3 Nc6 5. Be2 Nf6 6. O-O O-O 7.
Re1 Bg4 8. d5 Bxf3 9. Bxf3 Ne5 10. Be2 c5 11. f4 Ned7 12. Bf3 Ne8 13. Bd2 a6 14. a4 Bd4+ 15. Kh1 Qc7 16. a5 Rc8 17.
Qc1 c4 18. Ne2 Bf6 19. Bc3 Ng7 20. Bxf6 Nxf6 21. Qe3 Qc5 22. Qxc5 Rxc5 23. Nc3 Rb8 24. e5 dxe5 25. fxe5 Nd7 26. Bg4 e6 27. Rad1 Rxa5 28. dxe6 Nxe5 29. exf7+ Kxf7 30. Bh3 Nh5 31. Nd5 Re8 32.
g3 h6 33. Rf1+ Kg7 34. Nc7 Re7 35. Ne6+ Kh7 36. Rd6 Nf7 37. Rd8 Re5 38. Nf8+ Kg7 39. Rdd1 Kxf8 40. Bg2 Kg8 41. Kg1 Kg7 42. g4 Nf6 43. h3 g5 44. Rf2 Ne4 45. Re2 Ng3 46. Rxe5 Rxe5 47. Bxb7 Ne2+ 48. Kf2 Nf4 49. Bxa6 Re2+ 50.
Kf3 Rxc2 51. Rd7 Kf6 52. Bb5 Ne5+ 53. Ke4 Nxd7 54. Ba4 Rxb2 55. Bc2 0-1

[Event "*** Titled Tuesday Blitz"]
[Site "Chess.com"]
[Date "2020.12.01"]
[Round "7"]
[White "chessmachine14"]
[Black "RobPeresian"]
[Result "0-1"]
[WhiteElo "2252"]
[BlackElo "2439"]
[TimeControl "180+1"]
[EndTime "11:16:39 PST"]
[Termination "RobPeresian won on time"]

1. e4 e5 2. Nf3 Nc6 3. Bb5 a6 4. Ba4 Nf6 5. O-O Be7 6. Re1 b5 7. Bb3 d6 8. c3 O-O 9. d4 Bg4 10. Be3 Re8 11. h3 Bh5 12. Nbd2 Bf8 13. Bc2 h6 14. d5 Nb8 15. Nf1 c6 16. Ng3 Bxf3 17. Qxf3 cxd5 18. exd5 g6 19. Rad1 Nbd7 20. h4 h5 21. Bg5 Be7 22. Kh2 Ng4+ 23. Kg1 Bxg5 24. hxg5 Qxg5 25. Ne4 Qe7 26. Qg3 f5 27. Nd2 Qf6 28.
f3 Nh6 29. Nf1 Nf7 30. Qf2 h4 31. f4 exf4 32. Qxf4 Nde5 33. Ne3 Kg7 34. Qf2 Rh8 35. Rf1 Ng5 36. Bxf5 gxf5 37. Nxf5+ Kg8 38. Rd4 Rf8 39.
Qe2 h3 40. gxh3 Nxh3+ 41. Kg2 Qg5+ 42. Ng3 Nf4+ 43. Rdxf4 Rxf4 44. Qe3 Rh2+ 45. Kg1 Rxf1+ 0-1